 Dungeon Crawl Stone Soup version 0.19.5 (webtiles) character file.

41064 Just00me the Severer (level 13, -1/95 HPs)
             Began as a Minotaur Berserker on Mar 3, 2017.
             Was a High Priest of Trog.
             Slain by a 16-headed hydra (4 damage)
             ... on level 1 of the Lair of Beasts on Mar 20, 2017.
             The game lasted 01:35:16 (16783 turns).

Just00me the Severer (Minotaur Berserker)          Turns: 16783, Time: 01:35:17

Health: -1/95      AC: 31    Str: 24    XL:     13   Next: 78%
Magic:  21/21      EV:  9    Int:  8    God:    Trog [*****.]
Gold:   889        SH:  4    Dex: 11    Spells: 0 memorised, 12 levels left

rFire  . . .     SeeInvis .     P - +8 war axe of Destiny {protect, rC++ MP+9 Str-2 Int+4}
rCold  + + .     Gourm    .     d - +0 plate armour
rNeg   + . .     Faith    .     (no shield)
rPois  .         Spirit   .     (helmet restricted)
rElec  .         Reflect  +     x - +1 cloak
rCorr  .         Harm     .     J - +1 pair of gloves
MR     +....                    (no boots)
Stlth  ..........               h - +4 amulet of reflection
                                v - ring of protection from magic
                                g - ring of positive energy

@: protection aura
A: retaliatory headbutt, horns 2
a: Berserk, Trog's Hand, Brothers in Arms, Burn Spellbooks, Renounce Religion


You were on level 1 of the Lair of Beasts.
You worshipped Trog.
Trog was extremely pleased with you.
You were not hungry.

You visited 3 branches of the dungeon, and saw 17 of its levels.
You visited the Abyss 1 time.

You collected 999 gold pieces.
You spent 110 gold pieces at shops.

Inventory:

Hand Weapons
 L - a +3 battleaxe of venom
 P - the +8 war axe of Destiny (weapon) {protect, rC++ MP+9 Str-2 Int+4}
   (You found it on level 11 of the Dungeon)

   It protects the one who uses it against injury (+AC on strike).
   It affects your strength (-2).
   It affects your intelligence (+4).
   It greatly protects you from cold.
   It affects your magic capacity (+9).
Armour
 d - a +0 plate armour (worn)
 x - a +1 cloak (worn)
 J - a +1 pair of gloves (worn)
Jewellery
 g - a ring of positive energy (left hand)
 h - a +4 amulet of reflection (around neck)
 v - a ring of protection from magic (right hand)
 w - a +2 ring of protection
 y - an uncursed ring of protection from cold
Wands
 E - a wand of lightning (8/15)
 G - a wand of flame (7/48)
 H - a wand of flame (38/48)
 N - a wand of iceblast (4/15)
Scrolls
 j - 2 scrolls of magic mapping
 k - 2 scrolls of blinking
 l - 5 scrolls of enchant weapon
 m - 8 scrolls of remove curse
 o - 2 scrolls of recharging
 p - 3 scrolls of teleportation
 q - 3 scrolls of fear
 F - 2 scrolls of fog
 I - 2 scrolls of enchant armour
 K - a scroll of summoning {unknown}
 M - a scroll of identify
Potions
 e - 3 potions of flight
 f - 2 potions of cancellation
 i - a potion of resistance
 n - a potion of heal wounds
 r - a potion of mutation
 s - 2 potions of ambrosia
 z - 10 potions of curing
 A - 2 potions of agility
 B - 2 potions of invisibility
 C - 2 potions of brilliance
 O - a potion of haste
Miscellaneous
 D - a phantom mirror
Comestibles
 a - 2 fruits
 b - a slice of pizza
 c - 20 bread rations
 u - a royal jelly
 Q - a meat ration


   Skills:
 - Level 3.6 Fighting
 + Level 19.0 Axes
 * Level 18.8 Armour
 - Level 2.1 Dodging
 - Level 0.1 Stealth
 + Level 0.6 Evocations


You had 12 spell levels left.
You didn't know any spells.

Dungeon Overview and Level Annotations

Branches:
Dungeon (15/15)            Temple (1/1) D:6            Lair (1/6) D:9
    Orc (0/2) D:9          Vaults (0/5) D:13         Depths (0/5) D:15

Altars:
Ashenzari
Cheibriados
Dithmenos
Elyvilon
Fedhas
Gozag
Hepliaklqana
Kikubaaqudgha
Makhleb
Nemelex Xobeh
Okawaru
Qazlal
Ru
Sif Muna
Trog
Uskayaw
Vehumet
Xom
Yredelemnul
Zin
The Shining One

Shops:
D:12 !   D:15 *


Innate Abilities, Weirdness & Mutations

You reflexively headbutt those who attack you in melee.
You have a pair of horns on your head.


Message History

The 15-headed hydra bites you.
* * * LOW HITPOINT WARNING * * *
The 15-headed hydra bites you but does no damage. x9
You lop one of the 15-headed hydra's heads off!
The 14-headed hydra grows two more!
You slash the 16-headed hydra! You headbutt the 16-headed hydra.
The 16-headed hydra is almost dead.
The 16-headed hydra bites you but does no damage.
The 16-headed hydra closely misses you. The 16-headed hydra barely misses you.
The 16-headed hydra bites you.
* * * LOW HITPOINT WARNING * * *
The 16-headed hydra bites you but does no damage.
The 16-headed hydra barely misses you. The 16-headed hydra bites you!
* * * LOW HITPOINT WARNING * * *
The 16-headed hydra bites you but does no damage.
The 16-headed hydra bites you!
* * * LOW HITPOINT WARNING * * *
The 16-headed hydra bites you but does no damage.
The 16-headed hydra barely misses you. The 16-headed hydra bites you.
You die...

............##..#..............(.
............#...#................
##P#....#..###..#................
###....P..###..##...............
##.........#.......#####..###..#
#..................P##.#.## #.##
#.........................###.##
#...............................
#.............†@.....###........
#..............D...### #..P.#...
#.................## #..##....
#................## #...##..#
#..........###...# #...##..#
#................########.###...
#.........................# #...
.......######.# ###. ##.# #.


You could see a 16-headed hydra.

Vanquished Creatures
  Rupert (D:15)
  A yaktaur captain (D:15)
  A hydra (D:15)
  3 vault guards (D:13)
  A death knight (D:15)
  4 centaur warriors
  A wizard (D:15)
  4 necromancers (D:13)
  8 hill giants
  2 deep elf magi (D:14)
  4 ugly things
  A cyclops (D:15)
  3 manticores
  Psyche (D:11)
  Joseph (D:7)
  2 spiny frogs (Lair:1)
  3 komodo dragons
  A yaktaur (D:15)
  2 trolls
  A harpy zombie (D:12)
  Grinder (D:5)
  6 slime creatures
  A harpy skeleton (D:15)
  3 blink frogs (Lair:1)
  Prince Ribbit (D:5)
  3 hippogriffs
  A meliai zombie (D:15)
  Sigmund (D:4)
  A wyvern (D:9)
  A spriggan (shapeshifter) (D:14)
  A shadow (D:12)
  A spriggan (D:7)
  Eustachio (D:5)
  17 yaks
  A wraith (D:13)
  4 hungry ghosts
  15 humans (D:13)
  A mottled dragon (D:15)
  6 vampire mosquitoes (D:15)
  A warg (D:9)
  2 water moccasins (Lair:1)
  2 porcupines
  Duvessa (D:5)
  4 sky beasts
  3 ice beasts
  7 orc warriors
  6 ogres
  3 black bears
  2 phantoms
  An eye of draining (D:10)
  A tengu (shapeshifter) (D:14)
  A crocodile (Lair:1)
  4 centaurs
  Blork the orc (D:4)
  A gnoll sergeant (D:5)
  9 bullfrogs
  Dowan (D:5)
  A water moccasin skeleton (D:8)
  6 scorpions
  7 wights
  9 killer bees
  6 crimson imps
  3 centaur zombies
  2 bullfrog skeletons
  3 orc priests
  9 hounds
  4 jellies
  3 centaur skeletons
  3 iguanas
  A hell rat (D:9)
  18 orc wizards
  10 worker ants
  A worker ant zombie (D:9)
  5 gnolls (D:5)
  2 howler monkey skeletons
  11 adders
  6 shadow imps
  An adder zombie (D:9)
  2 adder skeletons
  5 worms
  2 dart slugs
  6 leopard geckos
  48 orcs
  6 giant cockroaches
  10 goblins
  13 hobgoblins
  3 jackals (D:4)
  10 quokkas
  2 ball pythons
  7 bats
  6 frilled lizards
  A jackal zombie (D:5)
  5 kobolds (D:1)
  A leopard gecko zombie (D:6)
  9 rats
408 creatures vanquished.

Vanquished Creatures (collateral kills)
  A hydra (D:13)
  A hill giant (D:13)
  A phantasmal warrior (D:15)
  3 freezing wraiths (D:15)
  3 humans (D:13)
  A mottled dragon (D:15)
  A hell rat (D:9)
  A river rat (D:9)
  A quokka (D:9)
  A rat (D:9)
14 creatures vanquished.

Vanquished Creatures (others)
  An orc wizard (D:9)
1 creature vanquished.

Grand Total: 423 creatures vanquished

Notes
Turn   | Place    | Note
-------+----------+-------------------------------------------
     0 | D:1      | Just00me the Minotaur Berserker began the quest for the Orb.
     0 | D:1      | Reached XP level 1. HP: 19/19 MP: 0/0
   104 | D:1      | Reached skill level 4 in Axes
   139 | D:1      | Reached XP level 2. HP: 22/26 MP: 1/1
   713 | D:2      | Reached XP level 3. HP: 31/31 MP: 2/2
   738 | D:2      | Reached ** piety under Trog
  1171 | D:2      | Reached skill level 5 in Axes
  1171 | D:2      | Reached XP level 4. HP: 27/39 MP: 3/3
  1888 | D:3      | Noticed a moth of wrath
  1891 | D:3      | Found a bloodstained altar of Trog.
  2161 | D:4      | Reached XP level 5. HP: 44/45 MP: 4/4
  2241 | D:4      | Reached skill level 6 in Axes
  2350 | D:4      | Noticed a hungry ghost
  2376 | D:4      | Killed a hungry ghost
  2376 | D:4      | Reached skill level 5 in Armour
  2376 | D:4      | Reached XP level 6. HP: 51/51 MP: 5/5
  2487 | D:4      | Noticed Blork the orc
  2496 | D:4      | Killed Blork the orc
  2496 | D:4      | Reached skill level 7 in Axes
  2744 | D:4      | Reached *** piety under Trog
  2831 | D:4      | Noticed Sigmund
  2838 | D:4      | Killed Sigmund
  2838 | D:4      | Reached XP level 7. HP: 44/57 MP: 6/6
  2959 | D:4      | Reached skill level 8 in Axes
  3392 | D:5      | Entered Level 5 of the Dungeon
  3470 | D:5      | Noticed Dowan
  3471 | D:5      | Noticed Duvessa
  3480 | D:5      | Killed Duvessa
  3482 | D:5      | Killed Dowan
  3565 | D:5      | Reached XP level 8. HP: 64/64 MP: 7/7
  3715 | D:5      | Noticed Grinder
  3716 | D:5      | Noticed Prince Ribbit
  3726 | D:5      | Killed Grinder
  3726 | D:5      | Reached skill level 9 in Axes
  3733 | D:5      | Killed Prince Ribbit
  3848 | D:5      | Noticed Eustachio
  3871 | D:5      | Killed Eustachio
  3871 | D:5      | Reached skill level 10 in Armour
  3949 | D:5      | Reached skill level 10 in Axes
  4239 | D:6      | Found a staircase to the Ecumenical Temple.
  4263 | Temple   | Entered the Ecumenical Temple
  4520 | D:6      | Reached XP level 9. HP: 69/70 MP: 8/8
  5201 | D:7      | Found a shattered altar of Ashenzari.
  5340 | D:7      | Reached skill level 11 in Axes
  5454 | D:7      | Noticed Joseph
  5465 | D:7      | Killed Joseph
  5522 | D:7      | Found a shadowy altar of Dithmenos.
  5678 | D:7      | Found a burning altar of Makhleb.
  6796 | D:8      | Reached skill level 12 in Axes
  6857 | D:8      | Cast into level 1 of the Abyss (a distortion unwield)
  6893 | Abyss:1  | Noticed a crystal guardian
  6899 | Abyss:1  | Found a corrupted altar of Lugonu.
  6900 | Abyss:1  | Noticed a large abomination
  6908 | Abyss:1  | Noticed an ancient zyme
  6918 | D:8      | Escaped the Abyss
  7109 | D:9      | Reached XP level 10. HP: 53/77 MP: 9/9
  7134 | D:9      | Found a staircase to the Orcish Mines.
  7400 | D:9      | Reached skill level 13 in Axes
  7566 | D:9      | Reached **** piety under Trog
  7673 | D:9      | Found a staircase to the Lair.
  8240 | D:10     | Entered Level 10 of the Dungeon
  8423 | D:10     | Noticed a hill giant
  8436 | D:10     | Killed a hill giant
  8499 | D:10     | Noticed a hill giant
  8510 | D:10     | Killed a hill giant
  8863 | D:10     | Reached skill level 14 in Axes
  9406 | D:11     | Noticed Psyche
  9416 | D:11     | Killed Psyche
  9416 | D:11     | Reached XP level 11. HP: 70/82 MP: 10/10
  9955 | D:11     | Received a gift from Trog
 10297 | D:11     | Got an ebony war axe
 10298 | D:11     | Identified the +8 war axe of Destiny {protect, rC++ MP+9 Str-2 Int+4} (You found it on level 11 of the Dungeon)
 10384 | D:11     | Noticed a hill giant
 10395 | D:11     | Killed a hill giant
 10431 | D:11     | Reached ***** piety under Trog
 10979 | D:12     | Found a sparkling altar of Nemelex Xobeh.
 10979 | D:12     | Noticed a hill giant
 10986 | D:12     | Killed a hill giant
 11057 | D:12     | Noticed a white ugly thing
 11072 | D:12     | Killed a white ugly thing
 11072 | D:12     | Reached skill level 15 in Axes
 11325 | D:12     | Found Eplunwat's Distillery.
 11333 | D:12     | Bought a potion of flight for 30 gold pieces
 11333 | D:12     | Bought a potion of lignification for 30 gold pieces
 11333 | D:12     | Bought a potion of agility for 40 gold pieces
 11333 | D:12     | Bought a potion of degeneration for 10 gold pieces
 11778 | D:12     | Reached skill level 15 in Armour
 12074 | D:13     | Noticed a centaur warrior
 12086 | D:13     | Killed a centaur warrior
 12163 | D:13     | Reached skill level 16 in Axes
 12224 | D:13     | Noticed a four-headed hydra
 12229 | D:13     | Killed a four-headed hydra
 12252 | D:13     | Noticed a hill giant
 12259 | D:13     | Killed a hill giant
 12259 | D:13     | Reached XP level 12. HP: 90/90 MP: 11/11
 12884 | D:13     | Received a gift from Trog
 12933 | D:13     | Found a gate to the Vaults.
 12933 | D:13     | Noticed a vault guard
 12933 | D:13     | Noticed a vault guard
 12933 | D:13     | Noticed a vault guard
 12973 | D:13     | Killed a vault guard
 12973 | D:13     | Reached skill level 17 in Axes
 12989 | D:13     | Killed a vault guard
 13297 | D:13     | Killed a vault guard
 14162 | D:14     | Reached XP level 13. HP: 87/95 MP: 12/12
 14521 | D:15     | Entered Level 15 of the Dungeon
 14561 | D:15     | Noticed Rupert
 14563 | D:15     | Found a shattered altar of Ashenzari.
 14582 | D:15     | Killed Rupert
 14582 | D:15     | Reached skill level 18 in Axes
 15182 | D:15     | Found a staircase to the Depths.
 15272 | D:15     | Found Yvomuuxe's Demolitions Depot.
 16294 | Lair:1   | Entered Level 1 of the Lair of Beasts
 16662 | Lair:1   | Reached skill level 19 in Axes
 16783 | Lair:1   | HP: 3/95 [16-headed hydra (10)]
 16783 | Lair:1   | Slain by a 16-headed hydra

Skill      XL: |  1  2  3  4  5  6  7  8  9 10 11 12 13 |
---------------+----------------------------------------+-----
Axes           | 4 5 6 7 8 10 12 14 16 17 19 | 19.0
Armour         | 3 4 5 6 8 10 12 13 15 17 18 | 18.8
Fighting       | |  3.6
Dodging        | |  2.1
Stealth        | |  0.1
Evocations     | |  0.6

Action                   |  1- 3 |  4- 6 |  7- 9 | 10-12 | 13-15 || total
-------------------------+-------+-------+-------+-------+-------++-------
Melee: Hand axe          |   117 |    54 |       |       |       ||   171
       Headbutt          |    12 |    21 |    52 |   161 |    63 ||   309
       War axe           |       |    62 |   314 |   444 |   251 ||  1071
       Battleaxe         |       |       |       |   247 |       ||   247
Invok: Berserk           |       |     2 |     6 |     4 |     2 ||    14
       Trog's Hand       |       |     3 |     6 |     3 |     4 ||    16
       Brothers in Arms  |       |       |       |     3 |     2 ||     5
       Burn Spellbooks   |       |       |       |     3 |       ||     3
Evoke: Wand              |       |       |       |       |     4 ||     4
  Use: Scroll            |       |     7 |     3 |    18 |     2 ||    30
       Potion            |       |       |     1 |     2 |       ||     3
  Eat: Chunk             |     1 |    13 |    14 |    21 |     3 ||    52
       Beef jerky        |       |     1 |     1 |     2 |       ||     4
       Fruit             |       |       |     2 |     1 |       ||     3
       Meat ration       |       |       |     1 |     2 |     1 ||     4
       Pizza             |       |       |       |       |     1 ||     1
Armor: Plate armour      |    79 |    59 |   170 |   401 |   192 ||   901
Dodge: Dodged            |    33 |    37 |   114 |   205 |   110 ||   499
Block: Other             |       |     3 |    18 |    82 |    31 ||   134
       Reflection        |       |       |     2 |     1 |     2 ||     5
